 Dungeon Crawl Stone Soup version 0.29.1-13-g9f3cf754e1 (webtiles) character file.

Game seed: 11080358298647717276

115 sneakypete the Shield-Bearer (level 5, -2/41 HPs)
             Began as a Formicid Fighter on Jan 19, 2023.
             Was a Follower of Okawaru.
             Slain by Grinder (5 damage)
             ... on level 4 of the Dungeon.
             The game lasted 00:20:44 (3561 turns).

sneakypete the Shield-Bearer (Formicid Fighter)     Turns: 3561, Time: 00:20:46

Health: -2/41      AC:  8    Str: 22    XL:     5   Next: 20%
Magic:  5/5        EV:  9    Int:  8    God:    Okawaru [*.....]
Gold:   141        SH:  5    Dex: 13    Spells: 4/4 levels left

rFire   . . .      SeeInvis +   a - +0 war axe
rCold   . . .      Faith    .   c - +0 buckler
rNeg    . . .      Spirit   .   b - +0 scale mail
rPois   .          Reflect  .   (helmet unavailable)
rElec   .          Harm     .   (no cloak)
rCorr   .          Rampage  .   (no gloves)
Will    .....                   f - +0 pair of boots
Stlth   ..........              (no amulet)
HPRegen 0.13/turn               (no ring)
MPRegen 0.09/turn               (no ring)

@: no status effects
A: permanent stasis, dig shafts and tunnels, antennae 3, four strong arms
a: Dig, Shaft Self, Renounce Religion, Heroism


You were on level 4 of the Dungeon.
You worshipped Okawaru.
Okawaru was aware of your devotion.
You visited 1 branch of the dungeon, and saw 4 of its levels.

You collected 141 gold pieces.

Inventory:

Hand Weapons
 a - a +0 war axe (weapon)
Armour
 b - a +0 scale mail (worn)
 c - a +0 buckler (worn)
 f - a +0 pair of boots (worn)
Magical Staves
 n - a staff of fire
 q - a staff of death
Scrolls
 e - a scroll of fear {unknown}
 g - 5 scrolls of identify {unknown}
 h - a scroll of enchant armour {unknown}
 j - a scroll of enchant weapon {unknown}
 m - a scroll of noise {unknown}
 o - 3 scrolls of teleportation {unknown}
Potions
 d - 2 potions of might
 i - a potion of brilliance {unknown}
 k - 2 potions of flight
 l - a potion of attraction {unknown}
 p - a potion of lignification {unknown}


   Skills:
 + Level 3.6 Fighting
 + Level 3.7 Axes
 + Level 3.9 Armour
 + Level 0.7 Dodging
 + Level 0.1 Stealth
 + Level 4.6 Shields


You had 4 spell levels left.
You didn't know any spells.
Your spell library contained the following spells:

 Spells                   Type           Power      Damage    Failure   Level
 Portal Projectile        Hex/Tloc       0%         N/A       99%         3
 Blade Hands              Tmut           0%         N/A       100%        5
 Summon Small Mammal      Summ           Unusable   N/A       N/A         1
 Call Canine Familiar     Summ           Unusable   N/A       N/A         3
 Summon Guardian Golem    Hex/Summ       Unusable   N/A       N/A         3
 Tukima's Dance           Hex            Unusable   N/A       N/A         3

Dungeon Overview and Level Annotations

Branches:
Dungeon (4/15)
 Temple: D:4-7

Altars:
Okawaru

Shops:
D:2 *   D:3 *

Annotations:
D:4 Grinder


Innate Abilities, Weirdness & Mutations

You cannot be hasted, slowed, berserked, paralysed or teleported.
You can dig through walls and to a lower floor.
You have a pair of large antennae on your head. (SInv)
Your four strong arms can wield two-handed weapons with a shield.


Message History

You hit the kobold.
You kill the kobold!
Okawaru accepts your kill.
You feel sick.
You feel sick.
You feel sick.
You feel sick.
You feel sick.
g - 5 scrolls labelled CASUSTRI XYSAI (gained 1)
You feel sick.
You are no longer poisoned.
You start resting.
HP restored.
As you open the door, it creaks loudly!
Grinder comes into view.
You closely miss Grinder. Grinder gestures at you.
You struggle to resist.
Grinder blinks!
You closely miss Grinder. Grinder hits you!
You writhe in agony.
You closely miss Grinder. Grinder barely misses you.
Grinder blinks!
Grinder says, "Just stop there for a second..."
Grinder gestures at you. Pain shoots through your body!
Grinder gestures at you. Pain shoots through your body!
* * * LOW HITPOINT WARNING * * *
You hit Grinder.
Grinder is lightly wounded.
Grinder hits you but does no damage.
You hit Grinder.
Grinder is lightly wounded.
You block Grinder's attack.
You hit Grinder.
Grinder is lightly wounded.
Grinder gestures at you.
Your stasis prevents you from being paralysed.
Grinder hits you.
* * * LOW HITPOINT WARNING * * *
You writhe in agony.
You die...

### ..# #.# #.# ######.#
###.....@# #.'...(.5#
#.#.....###### #
#...........
#####'#......###########
......)........[.......#
...........#.#########.#
...........#.# #....<#.#
..........##.. #.#####.#
{


You could see Grinder.

Vanquished Creatures
  4 adders
  2 worms (D:2)
  3 dart slugs
  3 orcs (D:3)
  4 ball pythons
  3 endoplasms
  2 giant cockroaches
  10 goblins
  5 hobgoblins
  4 kobolds
  4 quokkas
  6 bats
  5 frilled lizards
  7 rats
62 creatures vanquished.

Vanquished Creatures (others)
  A fungus (D:3)
  2 plants (D:3)
3 creatures vanquished.

Grand Total: 65 creatures vanquished

Notes
Turn   | Place    | Note
-------+----------+-------------------------------------------
     0 | D:1      | sneakypete the Formicid Fighter began the quest for the
                  | Orb.
     0 | D:1      | Reached XP level 1. HP: 18/18 MP: 1/1
   131 | D:1      | Reached XP level 2. HP: 24/24 MP: 2/2
   534 | D:1      | Reached XP level 3. HP: 24/29 MP: 3/3
  1064 | D:2      | Reached XP level 4. HP: 32/36 MP: 4/4
  1409 | D:2      | Found Cien's General Store.
  1931 | D:3      | Found a faded altar of an unknown god.
  1953 | D:3      | Prayed at the altar of an unknown god.
  1953 | D:3      | Became a worshipper of Warmaster Okawaru
  1953 | D:3      | Reached * piety under Okawaru
  2634 | D:3      | Found Sestux Ifus's Assorted Antiques.
  2669 | D:3      | Reached XP level 5. HP: 41/41 MP: 5/5
  3547 | D:4      | Noticed Grinder
  3561 | D:4      | Slain by Grinder

Illustrated notes

Levels and vault maps discovered:
D:1:      onia_arrival_pyramid, layout_rooms, supply_closet_lemuel,
          minmay_splitting_lines
D:2:      layout_loops_ring, serial_shops, nicolae_shop_hallway_plus
D:3:      layout_basic, serial_shops, nicolae_shop_behind_doors,
          shapermc_ecumenical_altar_ellora, minmay_crystal_room,
          minmay_distorted
D:4:      layout_basic, makhleb_altar_promises_db,
          minmay_temple_entry_glassed_door, ebering_ghost_rock_garden,
          minmay_misc_feat_more_columns, uniq_grinder

Skill      XL: |  1  2  3 |
---------------+----------+-----
Axes           | 3 |  3.7
Fighting       | |  3.6
Armour         | |  3.9
Dodging        | |  0.7
Stealth        | |  0.1
Shields        | |  4.6

Action                   |  1- 3 |  4- 6 || total
-------------------------+-------+-------++-------
Melee: War axe           |    78 |   117 ||   195
  Use: Potion            |       |     1 ||     1
Armor: Scale mail        |    56 |    51 ||   107
Dodge: Dodged            |    49 |    56 ||   105
Block: Buckler           |    21 |    36 ||    57
